 Dungeon Crawl Stone Soup version 0.31-a0-188-g5e087ee2ca (webtiles) character file.

Game seed: 14230882593609251165

1001 qw the Skirmisher (level 8, -7/45 HPs)
             Began as a Deep Elf Hunter on June 23, 2023.
             Mangled by Duvessa
             ... wielding a +0 short sword
              (9 damage)
             ... on level 5 of the Dungeon.
             The game lasted 00:01:14 (3050 turns).

qw the Skirmisher (Deep Elf Hunter)                 Turns: 3050, Time: 00:01:15

Health: -7/45      AC:  7    Str: 10    XL:     8   Next: 0%
Magic:  10/10      EV: 16    Int: 15    God:
Gold:   275        SH:  0    Dex: 18    Spells: 7/7 levels left

rFire   . . .        Y - +0 longbow
rCold   + . .        (shield currently unavailable)
rNeg    . . .        h - +0 ring mail
rPois   .            c - +1 hat
rElec   .            (no cloak)
rCorr   .            e - +0 pair of gloves
SInv    .            (no boots)
Will    .....        (no amulet)
Stlth   +            f - ring of protection from cold
HPRegen 0.27/turn    d - +5 ring of evasion
MPRegen 0.12/turn

%: no passive effects
@: no status effects
A: no striking features
a: no special abilities


You were on level 5 of the Dungeon.
You visited 1 branch of the dungeon, and saw 5 of its levels.

You collected 275 gold pieces.


   Skills:
 + Level 2.4 Fighting
 - Level 12.2 Ranged Weapons
 - Level 1.3 Armour
 - Level 3.0 Dodging
 - Level 1.2 Stealth


You had 7 spell levels left.
You didn't know any spells.
Your spell library was empty.

Inventory:

Hand Weapons
 Y - a +0 longbow (weapon)
Armour
 c - a +1 hat (worn)
 e - a +0 pair of gloves (worn)
 h - a +0 ring mail (worn)
Jewellery
 d - a +5 ring of evasion (right hand)
 f - a ring of protection from cold (left hand)
Scrolls
 b - a scroll of identify
 i - a scroll of poison {unknown}
Potions
 a - 2 potions of mutation
 g - a potion of curing
 j - a potion of heal wounds {unknown}
 k - a potion of haste
 l - a potion of berserk rage {unknown}
 m - a potion of brilliance {unknown}

Dungeon Overview and Level Annotations

Branches:
Dungeon (5/15)
 Temple: D:4-7

Altars:

Shops:
D:1 (   D:5 (

Annotations:
D:4 2 transporters, qw's ghost, amateur DEHu
D:5 Duvessa


Message History

The puff of frost hits you. You resist. Duvessa barely misses you.
You shoot an arrow. The arrow closely misses Dowan.
The arrow hits the plant!
The plant begins to die.
The plant is lightly damaged.
Dowan splashes around in the water.
Duvessa hits you with a +0 short sword!
You shoot an arrow. The arrow hits Dowan.
Dowan is heavily wounded.
Dowan splashes around in the water.
Duvessa hits you but does no damage.
You shoot an arrow. The arrow hits Dowan.
Dowan is heavily wounded.
Dowan hits you but does no damage. Duvessa hits you but does no damage.
Dowan barely misses you.
You shoot an arrow. The arrow hits Dowan.
Dowan is severely wounded.
A nearby plant withers and dies.
Duvessa hits you with a +0 short sword!
Dowan splashes around in the water.
Duvessa gestures with her weapon.
Duvessa closely misses you.
You shoot an arrow. The arrow closely misses Dowan.
Dowan closely misses you. Duvessa hits you with a +0 short sword.
You shoot an arrow. The arrow hits Dowan.
Dowan is almost dead.
Dowan closely misses you. Duvessa hits you with a +0 short sword!
You shoot an arrow. The arrow barely misses Dowan.
Dowan splashes around in the water.
Duvessa barely misses you. Dowan hits you with a +0 dagger.
You shoot an arrow. The arrow hits Dowan!
You kill Dowan!
Duvessa screams, "No!
How DARE you!"
Duvessa goes berserk!
You hear a splash. x2
Duvessa hits you with a +0 short sword. Duvessa closely misses you.
You have reached level 8!
You feel clever.
You shoot an arrow. The arrow hits Duvessa.
Duvessa is lightly wounded.
Duvessa barely misses you. Duvessa hits you with a +0 short sword.
You shoot an arrow. The arrow hits Duvessa!
Duvessa is moderately wounded.
Duvessa hits you with a +0 short sword!
You die...

#...7~# ##.# #...###
#... #....# #... ###..#
#... 7######..#### #<..
~~P~P~P.....## ##...
PPP~~~~......## #....
P~~~PP~.......# #....
~~~~~~)@......# #....
~~~~~~.e......# #.###
~~~~P.........# ##.###
~~P~~~........#####..#..
~~P~~~~.................
~~~P~~........######...%
~~~PP~........# ##.\#
~~~P~~~.......# ##.#
####.#


You could see Duvessa (berserk).

Vanquished Creatures
  Eustachio (D:5)
  Menkaure (D:4)
  A black bear (D:5)
  2 ogres (D:5)
  3 scorpions
  Dowan (D:5)
  2 hounds
  2 iguanas (D:4)
  A sleepcap (D:5)
  3 adders
  A shadow imp (D:5)
  3 worms
  A dart slug (D:4)
  5 orcs
  8 endoplasms
  2 giant cockroaches
  7 goblins
  9 hobgoblins
  7 quokkas
  7 ball pythons
  4 bats
  3 frilled lizards
  7 kobolds
  5 rats
86 creatures vanquished.

Notes
Turn   | Place    | Note
-------+----------+-------------------------------------------
     0 | D:1      | qw the Deep Elf Hunter began the quest for the Orb.
     0 | D:1      | Reached XP level 1. HP: 12/12 MP: 3/3
     0 | D:1      | 0 ||| qw: Version: 0.3-a-9-g12657ce
     0 | D:1      | 0 ||| qw: Game counter: 3979
     0 | D:1      | 0 ||| qw: Always use a shield: true
     0 | D:1      | 0 ||| qw: God list: Okawaru
     0 | D:1      | 0 ||| qw: Allow faded altars: false
     0 | D:1      | 0 ||| qw: Do Orc after D:15 true
     0 | D:1      | 0 ||| qw: Do second Lair branch before Depths: true
     0 | D:1      | 0 ||| qw: Lair rune preference: random
     0 | D:1      | 0 ||| qw: Plans: Normal
     0 | D:1      | 0 ||| PLANNING D:1-11
    31 | D:1      | 31 ||| SWAPPING to +0 longbow.
    32 | D:1      | 32 ||| DROPPING +0 shortbow.
    76 | D:1      | Found a faded altar of an unknown god.
    97 | D:1      | Found Bus Weujuim's Weapon Shoppe.
    97 | D:1      | Noticed a +0 demon trident
    98 | D:1      | Noticed a +0 giant spiked club
   106 | D:1      | 106 ||| SHOPLISTING +8 longbow "Zephyr" {speed, Dex+3 SInv}
                  | (770 gold, have 29).
   228 | D:1      | Reached skill level 6 in Ranged Weapons
   228 | D:1      | Reached XP level 2. HP: 16/16 MP: 4/4
   771 | D:1      | 771 ||| UPGRADING to +0 pair of gloves.
   776 | D:1      | 776 ||| UPGRADING to +0 ring mail.
   786 | D:1      | 786 ||| DROPPING +0 leather armour.
   787 | D:1      | 787 ||| UPGRADING to ring of protection from cold.
   788 | D:1      | 788 ||| READING scroll labelled WEABONO ZUNU.
   789 | D:1      | 789 ||| READING scroll labelled HEUS SABOMAOP.
   790 | D:1      | 790 ||| DRINKING 2 sedimented brown potions.
   791 | D:1      | 791 ||| DRINKING 2 cyan potions.
   792 | D:1      | 792 ||| DROPPING scroll of butterflies.
  1161 | D:2      | Reached XP level 3. HP: 20/20 MP: 5/5
  1349 | D:2      | 1349 ||| READING scroll labelled HOVYUF COUDUM.
  1350 | D:2      | 1350 ||| DRINKING 2 yellow potions.
  1351 | D:2      | 1351 ||| DROPPING potion of attraction.
  1567 | D:3      | Reached skill level 7 in Ranged Weapons
  1938 | D:3      | Reached XP level 4. HP: 25/25 MP: 6/6
  1990 | D:3      | 1990 ||| UPGRADING to +1 hat.
  1995 | D:3      | 1995 ||| UPGRADING to +5 ring of evasion.
  1996 | D:3      | 1996 ||| READING 3 scrolls labelled ELOINO XEFUUGUTYNG.
  1997 | D:3      | 1997 ||| READING 2 scrolls labelled PUCKUT WIOSILY.
  1998 | D:3      | 1998 ||| DROPPING 2 scrolls of amnesia.
  2025 | D:4      | Reached skill level 8 in Ranged Weapons
  2056 | D:4      | 2056 ||| FLEEEEING.
  2056 | D:4      | Noticed a scorpion
  2057 | D:4      | 2057 ||| STAIRDANCE
  2077 | D:4      | 2077 ||| STAIRDANCE
  2081 | D:3      | Killed a scorpion
  2082 | D:3      | Reached XP level 5. HP: 8/29 MP: 7/7
  2082 | D:3      | HP: 7/29 [poisoned by a scorpion]
  2182 | D:4      | 2182 ||| STAIRDANCE
  2191 | D:3      | Reached skill level 9 in Ranged Weapons
  2229 | D:4      | Noticed Menkaure
  2236 | D:4      | Killed Menkaure
  2237 | D:4      | Reached XP level 6. HP: 35/35 MP: 8/8
  2264 | D:4      | Found a transporter.
  2264 | D:4      | Noticed qw's ghost (amateur DEHu)
  2347 | D:4      | Reached skill level 10 in Ranged Weapons
  2500 | D:4      | Found a transporter.
  2626 | D:4      | 2626 ||| DROPPING +0 robe of willpower.
  2627 | D:4      | 2627 ||| DRINKING 2 fizzy coppery potions.
  2628 | D:4      | 2628 ||| DRINKING 2 potions of curing.
  2628 | D:4      | 2628 ||| (to cure confusion)
  2629 | D:4      | 2629 ||| READING 2 scrolls of identify.
  2629 | D:4      | 2629 ||| IDENTIFYING sedimented emerald potion
  2630 | D:4      | 2630 ||| DROPPING potion of ambrosia.
  2646 | D:5      | Entered Level 5 of the Dungeon
  2652 | D:5      | Reached skill level 3 in Dodging
  2694 | D:5      | Found Affejiah's Antique Weapon Boutique.
  2696 | D:5      | Reached skill level 1 in Armour
  2741 | D:5      | Noticed Eustachio
  2750 | D:5      | Killed Eustachio
  2751 | D:5      | Reached XP level 7. HP: 35/40 MP: 9/9
  2798 | D:5      | Reached skill level 11 in Ranged Weapons
  2932 | D:5      | 2932 ||| FLEEEEING.
  3034 | D:5      | Noticed Dowan
  3035 | D:5      | Noticed Duvessa
  3038 | D:5      | Reached skill level 12 in Ranged Weapons
  3046 | D:5      | HP: 10/40 [Duvessa/+0 short sword (7)]
  3048 | D:5      | Killed Dowan
  3048 | D:5      | HP: 4/40 [Duvessa/+0 short sword (6)]
  3049 | D:5      | Reached XP level 8. HP: 5/45 MP: 10/10
  3050 | D:5      | Mangled by Duvessa

Levels and vault maps discovered:
D:1:      psy_arrival_heroes, layout_loops_ring,
          hellmonk_ecumenical_altar_inner_sanctum, serial_shops,
          nicolae_shop_mannequins, patterned_corridor
D:2:      layout_rooms, serial_aquarium, aquarium_bridge_square
          [aquarium_subvault_bridge, aquarium_subvault_balcony,
          aquarium_subvault_window, aquarium_subvault_wall],
          aquarium_bridge_long_joined [aquarium_subvault_balcony,
          aquarium_subvault_bridge, aquarium_subvault_bridge,
          aquarium_subvault_window, aquarium_subvault_wall,
          aquarium_subvault_bridge], aquarium_window_1, aquarium_window_1,
          aquarium_view_2b, aquarium_view_2e, kennysheep_donut
D:3:      layout_basic
D:4:      layout_cave_pools, gammafunk_ghost_mausoleum, uniq_menkaure
D:5:      layout_rooms, serial_bayou, serial_bayou_shore_b,
          serial_bayou_shore_a, serial_bayou_shore_b, serial_bayou_lagoon_a,
          serial_bayou_ford_a, serial_shops, shop, hangedman_decor_peaks_small,
          uniq_duvessa, uniq_eustachio, uniq_ijyb, uniq_pikel

Skill      XL: |  1  2  3  4  5  6  7 |
---------------+----------------------+-----
Ranged Weapons | 6 7 8 9 10 12 | 12.2
Fighting       | 2 |  2.4
Dodging        | 3 |  3.0
Armour         | 1 |  1.3
Stealth        | |  1.2

Action                     |  1- 3 |  4- 6 |  7- 9 || total
---------------------------+-------+-------+-------++-------
   Fire: Longbow           |   113 |   104 |    46 ||   263
    Use: Scroll            |     3 |     3 |       ||     6
         Potion            |     3 |     2 |       ||     5
 Armour: Leather armour    |     6 |       |       ||     6
         Ring mail         |    11 |     8 |     5 ||    24
  Dodge: Dodged            |    30 |    52 |    16 ||    98

Table legend:
 A = Non-vault XP
 B = Vault XP
 C = Vault XP percentage of total XP
 D = Non-vault monster count
 E = Vault monster count
 F = Vault count percentage of total count
                 A         B        C        D         E       F
            +---------+---------+-------+---------+---------+-------
      Total |     995 |     435 |  30.4 |      83 |       3 |   3.5
            +---------+---------+-------+---------+---------+-------
        D:1 |      21 |       0 |   0.0 |      14 |       0 |   0.0
        D:2 |      28 |       0 |   0.0 |      17 |       0 |   0.0
        D:3 |     184 |       0 |   0.0 |      23 |       0 |   0.0
        D:4 |     124 |     175 |  58.5 |      19 |       1 |   5.0
        D:5 |     638 |     260 |  29.0 |      10 |       2 |  16.7
            +---------+---------+-------+---------+---------+-------
